 Dungeon Sprint DCSS version 0.19.5 (webtiles) character file.

3367 potatolord5000 the Brawler (level 9, -1/151 HPs)
             Began as a Troll Fighter on May 3, 2017.
             Was a Believer of Makhleb.
             Slain by a nagaraja
             ... wielding a cursed +0 halberd
              (16 damage)
             ... in the Dungeon (Sprint VII: "The Pits").
             The game lasted 00:07:03 (658 turns).

potatolord5000 the Brawler (Troll Fighter)           Turns: 658, Time: 00:07:05

Health: -1/151     AC: 11    Str: 35    XL:     9   Next: 73%
Magic:  9/11       EV: 10    Int:  6    God:    Makhleb [**....]
Gold:   0          SH: 10    Dex: 13    Spells: 0 memorised, 8 levels left

rFire  . . .     SeeInvis .       - Unarmed
rCold  . . .     Gourm    +     f - +0 troll leather armour
rNeg   . . .     Faith    .     b - +0 shield
rPois  .         Spirit   .     (helmet restricted)
rElec  .         Reflect  .     u - +0 cloak
rCorr  .         Harm     .     (gloves unavailable)
MR     +....     NoTele   +     (boots unavailable)
Stlth  ..........               (no amulet)
                                g - +3 ring of protection
                                a - +3 ring of strength

@: mighty, berserking, constricted, very quick
A: unfitting armour, antennae 1, claws 3, slimy green scales 1, agile 1, clever
1, fast metabolism 3, gourmand, magic resistance 1, regeneration 1, shaggy fur
1, tough skin 2, eyeballs 1, pseudopods 2, translucent skin 1, jelly sensing
items, jelly absorbing missiles
a: Minor Destruction, Renounce Religion


You were in the Dungeon.
You worshipped Makhleb.
Makhleb was pleased with you.
You were not hungry.

You visited 1 branch

Inventory:

Armour
 b - a +0 shield (worn)
 f - a +0 troll leather armour (worn)
 u - a +0 cloak (worn)
Jewellery
 a - a +3 ring of strength (left claw)
 g - a +3 ring of protection (right claw)
Scrolls
 j - a scroll of blinking
 l - 3 scrolls of remove curse
 m - 5 scrolls of amnesia
 n - a scroll of summoning
Potions
 c - 2 potions of heal wounds
 e - 9 potions of curing
 h - 4 potions of magic
 k - 2 potions of invisibility
 q - 3 potions of might
 r - a potion of agility
 s - a potion of brilliance
 t - 2 potions of cure mutation
Comestibles
 d - 9 bread rations
 o - 40 fruits
 p - 7 meat rations


   Skills:
 + Level 9.8 Fighting
 + Level 9.7 Dodging
 - Level 2.4 Shields
 * Level 15.0 Unarmed Combat
 + Level 4.7 Invocations


You had 8 spell levels left.
You didn't know any spells.

Dungeon Overview and Level Annotations

Branches:
Dungeon (1/1)

Altars:
Ashenzari
Cheibriados
Dithmenos
Elyvilon
Fedhas
Gozag
Hepliaklqana
Kikubaaqudgha
Makhleb
Nemelex Xobeh
Okawaru
Qazlal
Ru
Sif Muna
Trog
Uskayaw
Vehumet
Xom
Yredelemnul
Zin
The Shining One
Beogh
Jiyva
Lugonu


Innate Abilities, Weirdness & Mutations

You are too large for most types of armour.
You have claws for hands.
Your metabolism is lightning-fast.
You like to eat raw meat.
Your natural rate of healing is unusually fast.
You are covered in fur. (AC +1)
You have very tough skin. (AC +2)
You have a pair of small antennae on your head.
You are partially covered in slimy green scales. (AC +2)
You are agile. (Dex +2)
Your mind is acute. (Int +2)
You are resistant to hostile enchantments. (MR+)
Your body has grown golden eyes which may confuse attackers. (Acc +3)
Armour fits poorly on your large pseudopods.
Your translucent skin slightly reduces your foes' accuracy. (Stealth)
You have a small jelly attached to you that senses nearby items.
You have a small jelly attached to you that may absorb incoming projectiles.


Message History

You eviscerate the harpy!!!
You kill the harpy!
Makhleb accepts your kill.
You can now harness Makhleb's destructive might.
You feel better.
Your Invocations skill increases to level 4!
The harpy screeches!
The harpy claws you!
* * * LOW HITPOINT WARNING * * *
You block the harpy's attack.
The orc sorcerer hits you with a dagger of speed.
* * * LOW HITPOINT WARNING * * *
You catch the helpless harpy completely off-guard!
You mangle the harpy!!
You kill the harpy!
Makhleb accepts your kill.
You feel better.
Your Unarmed Combat skill increases to level 15!
The nagaraja hits you with a halberd!
You die...

...#..#......#
.............#
+#####++######
....##++# ....##..#{
....##..# <...##..####
{#+# #
....##..#..#####.## .#
....##..#....##.@.# H.#
...J##..'.....#o†N#...#
######..'.....'5H435).+
######..'.....#...#...#
....##..#....##...#...#
....##..#..#####.## ..#
...∆##..#### #+# ###
....##..# ....##..#


You could see a nagaraja, a manticore, an ice devil, a ynoxinul, an orc sorcerer
and 2 ufetubi.

Vanquished Creatures
  A deep troll (D)
  4 harpies (D)
  A smoke demon (D)
  A polar bear (D)
  Duvessa (D)
  An orc warrior (D)
  A phantom (D)
  A centaur (D)
  Dowan (D)
  A scorpion (D)
  3 wights (D)
  A quasit (D)
  A jelly (D)
  An iguana (D)
  2 orc wizards (D)
  A worker ant (D)
  2 gnolls (D)
  An adder (D)
  A river rat (D)
  A white imp (D)
  An ufetubus (D)
  3 orcs (D)
  A giant cockroach (D)
  3 jackals (D)
  A quokka (D)
  A bat simulacrum (D)
  A frilled lizard (D)
38 creatures vanquished.

Vanquished Creatures (others)
  An ooze (D)
1 creature vanquished.

Grand Total: 39 creatures vanquished

Notes
Turn   | Place    | Note
-------+----------+-------------------------------------------
     0 | D        | potatolord5000 the Troll Fighter began the quest for the Orb.
     0 | D        | Reached XP level 1. HP: 22/22 MP: 0/0
    11 | D        | Noticed a worker ant
    19 | D        | Killed a worker ant
    19 | D        | Reached skill level 4 in Unarmed Combat
    19 | D        | Reached XP level 2. HP: 21/31 MP: 1/1
    47 | D        | Found a radiant altar of Vehumet.
    47 | D        | Found a hide-covered altar of Uskayaw.
    47 | D        | Found an ancient bone altar of Kikubaaqudgha.
    47 | D        | Found a viscous altar of Jiyva.
    47 | D        | Found a hazy altar of Hepliaklqana.
    48 | D        | Found a bloodstained altar of Trog.
    48 | D        | Found a deep blue altar of Sif Muna.
    48 | D        | Found a sacrificial altar of Ru.
    48 | D        | Found a stormy altar of Qazlal.
    48 | D        | Found an iron altar of Okawaru.
    48 | D        | Found a sparkling altar of Nemelex Xobeh.
    48 | D        | Found an opulent altar of Gozag.
    48 | D        | Found a blossoming altar of Fedhas.
    48 | D        | Found a white marble altar of Elyvilon.
    48 | D        | Found a shadowy altar of Dithmenos.
    48 | D        | Found a snail-covered altar of Cheibriados.
    49 | D        | Found a glowing golden altar of the Shining One.
    49 | D        | Found a glowing silver altar of Zin.
    50 | D        | Found a burning altar of Makhleb.
    50 | D        | Found a basalt altar of Yredelemnul.
    50 | D        | Found a roughly hewn altar of Beogh.
    51 | D        | Found a corrupted altar of Lugonu.
    51 | D        | Found a shimmering altar of Xom.
    51 | D        | Found a shattered altar of Ashenzari.
    54 | D        | Became a worshipper of Jiyva Jixor the Shapeless
    60 | D        | Reached * piety under Jiyva
    61 | D        | Reached ** piety under Jiyva
    65 | D        | Reached *** piety under Jiyva
    68 | D        | Reached **** piety under Jiyva
    70 | D        | Gained mutation: You have a small jelly attached to you that may absorb incoming projectiles. [Jiyva's grace]
    78 | D        | Reached ***** piety under Jiyva
    80 | D        | Gained mutation: You are resistant to hostile enchantments. (MR+) [Jiyva's grace]
    80 | D        | Gained mutation: You are partially covered in molten scales. (AC +2) [Jiyva's grace]
   103 | D        | Reached XP level 3. HP: 25/37 MP: 2/2
   127 | D        | Reached skill level 5 in Unarmed Combat
   142 | D        | Reached XP level 4. HP: 35/48 MP: 3/3
   159 | D        | Reached ****** piety under Jiyva
   159 | D        | Gained mutation: You have a small jelly attached to you that senses nearby items. [Jiyva's grace]
   166 | D        | Lost mutation: You have a small jelly attached to you that senses nearby items. [Jiyva's grace]
   166 | D        | Gained mutation: You have a pair of small horns on your head. [Jiyva's grace]
   168 | D        | Gained mutation: You are partially covered in thin metallic scales. (AC +2) [Jiyva's grace]
   171 | D        | Gained mutation: Your body has grown golden eyes which may confuse attackers. (Acc +3) [Jiyva's grace]
   173 | D        | Lost mutation: You have a pair of small horns on your head. [Jiyva's grace]
   174 | D        | Gained mutation: You have a pair of small antennae on your head. [Jiyva's grace]
   176 | D        | Reached skill level 6 in Unarmed Combat
   179 | D        | Gained mutation: You are clumsy. (Dex -2) [Jiyva's grace]
   186 | D        | Lost mutation: You are clumsy. (Dex -2) [Jiyva's power]
   203 | D        | Noticed Duvessa
   203 | D        | Noticed Dowan
   204 | D        | Noticed a phantom
   204 | D        | Noticed a centaur
   204 | D        | Noticed an orc warrior
   209 | D        | Killed Dowan
   209 | D        | Reached skill level 7 in Unarmed Combat
   217 | D        | Killed Duvessa
   217 | D        | Reached skill level 5 in Fighting
   217 | D        | Reached skill level 5 in Dodging
   217 | D        | Reached skill level 8 in Unarmed Combat
   217 | D        | Reached XP level 5. HP: 30/57 MP: 4/4
   219 | D        | Killed an orc warrior
   219 | D        | Reached skill level 9 in Unarmed Combat
   219 | D        | Reached XP level 6. HP: 34/67 MP: 5/5
   229 | D        | Reached skill level 10 in Unarmed Combat
   240 | D        | Reached skill level 11 in Unarmed Combat
   240 | D        | Reached XP level 7. HP: 28/78 MP: 6/6
   322 | D        | Noticed a deep troll
   328 | D        | Killed a deep troll
   328 | D        | Reached skill level 12 in Unarmed Combat
   328 | D        | Reached XP level 8. HP: 65/88 MP: 7/7
   385 | D        | Noticed a hill giant
   385 | D        | Noticed a smoke demon
   390 | D        | Slimified a hill giant
   390 | D        | Noticed a slime creature
   390 | D        | a hill giant changed into a slime creature
   391 | D        | Gained mutation: You are partially covered in slimy green scales. (AC +2) [Jiyva's grace]
   402 | D        | Killed a smoke demon
   402 | D        | Reached skill level 13 in Unarmed Combat
   440 | D        | Gained mutation: Your rubbery body absorbs attacks. (AC +1, EV +1) [Jiyva's grace]
   441 | D        | Gained mutation: You are covered in slimy tendrils that may disarm your opponents. [Jiyva's grace]
   441 | D        | Gained mutation: You have a small jelly attached to you that senses nearby items. [Jiyva's grace]
   442 | D        | Lost mutation: You are partially covered in molten scales. (AC +2) [Jiyva's grace]
   444 | D        | Gained mutation: Your mind is acute. (Int +2) [Jiyva's grace]
   444 | D        | Lost mutation: You are partially covered in thin metallic scales. (AC +2) [Jiyva's grace]
   444 | D        | Lost mutation: You are covered in slimy tendrils that may disarm your opponents. [Jiyva's grace]
   445 | D        | Gained mutation: Armour fits poorly on your pseudopods. [Jiyva's grace]
   445 | D        | Lost mutation: Your body has grown golden eyes which may confuse attackers. (Acc +3) [Jiyva's grace]
   454 | D        | Gained mutation: You have sharp toenails. [Jiyva's grace]
   457 | D        | Lost mutation: Your rubbery body absorbs attacks. (AC +1, EV +1) [Jiyva's grace]
   457 | D        | Lost mutation: Armour fits poorly on your pseudopods. [Jiyva's grace]
   459 | D        | Gained mutation: Armour fits poorly on your pseudopods. [Jiyva's grace]
   471 | D        | Gained mutation: Your rubbery body absorbs attacks. (AC +1, EV +1) [Jiyva's grace]
   473 | D        | Gained mutation: You are agile. (Dex +2) [Jiyva's grace]
   473 | D        | Lost mutation: Your rubbery body absorbs attacks. (AC +1, EV +1) [Jiyva's grace]
   475 | D        | Gained mutation: Your body has grown golden eyes which may confuse attackers. (Acc +3) [Jiyva's grace]
   477 | D        | Gained mutation: Your translucent skin slightly reduces your foes' accuracy. (Stealth) [Jiyva's grace]
   479 | D        | Lost mutation: You have sharp toenails. [Jiyva's grace]
   480 | D        | Gained mutation: Armour fits poorly on your large pseudopods. [Jiyva's grace]
   535 | D        | Fell from the grace of Jiyva
   540 | D        | Became a worshipper of Makhleb the Destroyer
   620 | D        | Noticed a polar bear
   628 | D        | Killed a polar bear
   628 | D        | Reached skill level 1 in Invocations
   629 | D        | Reached * piety under Makhleb
   642 | D        | Noticed a harpy
   642 | D        | Noticed a harpy
   642 | D        | Noticed a harpy
   642 | D        | Noticed a harpy
   642 | D        | Noticed a nagaraja
   644 | D        | Noticed an orc sorcerer
   645 | D        | Killed a harpy
   645 | D        | Reached skill level 14 in Unarmed Combat
   645 | D        | Reached XP level 9. HP: 68/98 MP: 8/10
   646 | D        | Killed a harpy
   647 | D        | Noticed a manticore
   654 | D        | Noticed an ice devil
   656 | D        | HP: 7/150 [nagaraja/halberd (11)]
   657 | D        | Killed a harpy
   657 | D        | Reached ** piety under Makhleb
   658 | D        | Killed a harpy
   658 | D        | Reached skill level 15 in Unarmed Combat
   658 | D        | Slain by a nagaraja

Skill      XL: |  1  2  3  4  5  6  7  8  9 |
---------------+----------------------------+-----
Fighting       | 3 4 5 6 7 8 9 |  9.8
Dodging        | 3 4 5 6 8 9 |  9.7
Unarmed Combat | 4 5 8 9 11 12 14 15 | 15.0
Invocations    | 2 4 |  4.7
Shields        | |  2.4

Action                   |  1- 3 |  4- 6 |  7- 9 || total
-------------------------+-------+-------+-------++-------
Melee: Unarmed           |    36 |    41 |    49 ||   126
       Pseudopods        |       |       |     3 ||     3
Invok: Cure Bad Mutation |       |     1 |       ||     1
       Slimify           |       |       |     1 ||     1
       Renounce Religion |       |       |     1 ||     1
  Use: Potion            |     2 |     2 |     6 ||    10
 Stab: Confused          |       |       |     2 ||     2
Armor: Robe              |    16 |    10 |     5 ||    31
       Troll leather arm |       |       |    25 ||    25
Dodge: Dodged            |    16 |     9 |    37 ||    62
Block: Shield            |    31 |    16 |    39 ||    86
